 Dungeon Crawl Stone Soup version 0.13.0-6-g40e4d2d (webtiles) character file.

158 Antur the Chiller (level 4, -6/27 HPs)
             Began as a High Elf Ice Elementalist on Oct 15, 2013.
             Shot with an arrow by a centaur (7 damage)
             ... on Level 3 of the Dungeon.
             The game lasted 00:07:38 (1549 turns).

Antur the Chiller (High Elf Ice Elementalist)       Turns: 1549, Time: 00:07:38

HP  -6/27        AC  3     Str  7      XL: 4   Next:  9%
MP   5/11        EV 13     Int 20      God:
Gold 84          SH  0     Dex 15      Spells:  2 memorised,  4 levels left

Res.Fire  : . . .   See Invis. : .   l - -1,+0 orc spear
Res.Cold  : . . .   Warding    : .   a - +0 elf robe
Life Prot.: + . .   Conserve   : .   (no shield)
Res.Poison: .       Res.Corr.  : .   (no helmet)
Res.Elec. : .       Clarity    : +   (no cloak)
Sust.Abil.: . .     Spirit.Shd : .   w - +0 pair of elf gloves
Res.Mut.  : .       Stasis     : .   (no boots)
Res.Rott. : .       Flight     : .   t - amulet of clarity
Saprovore : . . .                    (no ring)
                                     s - ring of positive energy

@: very slightly contaminated, hasted, very quick, slightly resistant to hostile
enchantments, fairly stealthy
A: no striking features
a: no special abilities


You were on level 3 of the Dungeon.
You were not hungry.

You visited 1 branch of the dungeon, and saw 3 of its levels.

You collected 64 gold pieces.

Inventory:

Hand weapons
 l - a -1,+0 orcish spear (weapon)
Missiles
 h - 8 needles of sleeping
 i - 6 needles of confusion
 m - 2 javelins (quivered)
Armour
 a - a +0 elven robe (worn)
 w - a +0 pair of elven gloves (worn)
Comestibles
 v - a bread ration
Scrolls
 d - a scroll of recharging {unknown}
 e - 4 scrolls of identify
 g - 2 scrolls of remove curse {unknown}
 k - a scroll of fog {unknown}
 n - 3 scrolls of magic mapping {unknown}
 o - a scroll of noise {unknown}
 x - a scroll of enchant armour {unknown}
Jewellery
 q - an uncursed amulet of the gourmand
 s - a ring of positive energy (left hand)
 t - an amulet of clarity (around neck)
 u - an uncursed amulet of conservation
Potions
 f - a potion of restore abilities
 j - a potion of brilliance {unknown}
 p - a potion of curing {unknown}
 r - a potion of paralysis {unknown}
Books
 b - a book of Frost

   Spells                             Type                      Level
   *Freeze                            Ice                          1
   *Throw Frost                       Conjuration/Ice              2
   Ozocubu's Armour                   Charms/Ice                   3
   Throw Icicle                       Conjuration/Ice              4
   Summon Ice Beast                   Ice/Summoning                4
   Condensation Shield                Ice                          4


   Skills:
 - Level 0.2 Throwing
 + Level 2.6 Dodging
 + Level 2.6 Stealth
 + Level 2.4 Spellcasting
 + Level 1.2 Conjurations
 + Level 4.0 Ice Magic


You had 4 spell levels left.
You knew the following spells:

 Your Spells              Type           Power        Failure   Level  Hunger
a - Freeze                Ice            ###.         2%          1    #......
b - Throw Frost           Conj/Ice       ##....       10%         2    ##.....


Dungeon Overview and Level Annotations

Branches:
Dungeon (3/27)

Altars:
Fedhas

Annotations:
D:3 Sugram's ghost, average SpAM


Message History

Aim: a centaur, wielding a bow (moderately wounded)
The puff of frost hits the centaur.
The centaur is moderately wounded.
Casting: Throw Frost
Confirm with . or Enter, or press ? or * to list all spells.
Aiming: Throw Frost
Press: ? - help, Shift-Dir - straight line, f/p - centaur
Aim: a centaur, wielding a bow (moderately wounded)
The puff of frost hits the centaur.
The centaur is heavily wounded.
The centaur shoots an arrow.
The arrow hits you!
* * * LOW HITPOINT WARNING * * *
Casting: Throw Frost
Confirm with . or Enter, or press ? or * to list all spells.
Aiming: Throw Frost
Press: ? - help, Shift-Dir - straight line, f/p - centaur
Aim: a centaur, wielding a bow (heavily wounded)
The puff of frost misses the centaur.
The centaur shoots an arrow.
The arrow hits you!
You die...

############ #.#
#...(.(..... #.#
#........# #.#
.PPP@.....# #.#
#...PP.(...# #.#
#.PPcPP.#+#### #.## #
P.PPP......# #...
#.PPPP.......######...
#.....................
....##.......######...
... #.......# #.#. ..
######### #.#.


You could see a centaur.

Vanquished Creatures
  An orc wizard (D:3)
  An adder (D:2)
  A worm (D:2)
  4 orcs (D:3)
  A ball python (D:1)
  A giant cockroach (D:3)
  4 goblins
  2 hobgoblins (D:1)
  2 jackals (D:2)
  5 kobolds
  A quokka (D:3)
  A bat (D:1)
  A rat (D:1)
25 creatures vanquished.

Notes
Turn   | Place    | Note
--------------------------------------------------------------
     0 | D:1      | Antur, the High Elf Ice Elementalist, began the quest for the Orb.
     0 | D:1      | Reached XP level 1. HP: 11/11 MP: 4/4
   319 | D:1      | Reached XP level 2. HP: 15/17 MP: 3/5
   830 | D:2      | Reached XP level 3. HP: 13/21 MP: 8/8
   834 | D:2      | Learned a level 2 spell: Throw Frost
  1084 | D:3      | Noticed Sugram's ghost (average SpAM)
  1308 | D:3      | Reached XP level 4. HP: 27/27 MP: 1/11
  1319 | D:3      | Reached skill level 4 in Ice Magic
  1535 | D:3      | Found a blossoming altar of Fedhas.
  1541 | D:3      | Noticed a centaur
  1548 | D:3      | HP: 1/27 [centaur/arrow (1)]
  1549 | D:3      | Shot with an arrow by a centaur

Action                   |  1- 3 |  4- 6 || total
-------------------------+-------+-------++-------
Melee: Spear             |    25 |    10 ||    35
Throw: Javelin           |    12 |     2 ||    14
 Cast: Freeze            |    24 |     5 ||    29
       Throw Frost       |     6 |     3 ||     9
  Use: Scroll            |     5 |       ||     5
       Potion            |       |     1 ||     1
